 Dungeon Crawl Stone Soup version 0.29.1-15-g9cfb28693d (webtiles) character file.

Game seed: 16656747106785160474

485 hawla the Conjurer (level 7, 0/50 HPs)
             Began as a Meteoran Fire Elementalist on Mar 9, 2023.
             Slain by an orc priest
             ... wielding a +0 whip
              (3 damage)
             ... on level 5 of the Dungeon.
             The game lasted 00:06:41 (1089 turns).

hawla the Conjurer (Meteoran Fire Elementalist)     Turns: 1089, Time: 00:06:42

Health: 0/50       AC:  5    Str:  8 (9)  XL:     7   Next: 62%
Magic:  0/14       EV: 13    Int: 18 (19) God:
Gold:   85         SH:  0    Dex: 15      Spells: 7/14 levels left

rFire   . . .      SeeInvis .   (no weapon)
rCold   . . .      Faith    .   (no shield)
rNeg    . . .      Spirit   .   a - +1 robe
rPois   .          Reflect  .   (no helmet)
rElec   .          Harm     .   (no cloak)
rCorr   .          Rampage  .   (no gloves)
Will    .....                   (no boots)
Stlth   +.........              (no amulet)
HPRegen 0.16/turn               (no ring)
MPRegen 0.14/turn               (no ring)

@: mighty, glowing
A: sense surroundings 1, otherworldly, glowing, explore regen, iridescent scales
1, deterioration 1
a: no special abilities


You were on level 5 of the Dungeon.
You visited 1 branch of the dungeon, and saw 5 of its levels.
You also visited: Sewer.

You collected 85 gold pieces.

Inventory:

Armour
 a - a +1 robe (worn)
Jewellery
 b - a +6 ring of dexterity
Potions
 c - a potion of brilliance
 e - a potion of might
 f - 3 potions of curing
 g - a potion of haste {unknown}
 h - a potion of heal wounds {unknown}
 j - a potion of invisibility {unknown}
 k - 2 potions of degeneration {unknown}


   Skills:
 + Level 0.3 Fighting
 + Level 2.9 Dodging
 - Level 1.4 Stealth
 + Level 4.4 Spellcasting
 + Level 6.0 Conjurations
 + Level 6.0 Fire Magic


You had 7 spell levels left.
You knew the following spells:

 Your Spells              Type           Power      Damage    Failure   Level
a - Foxfire               Conj/Fire      100%       2x1d9     1%          1
b - Scorch                Fire           50%        2d7       1%          2
c - Flame Wave            Conj/Fire      25%        2d8       12%         4

Your spell library contained the following spells:

 Spells                   Type           Power      Damage    Failure   Level
 Conjure Flame            Conj/Fire      25%        6-21      3%          3
 Inner Flame              Hex/Fire       14%        N/A       12%         3
 Poisonous Vapours        Pois/Air       8%         N/A       22%         2
 Frozen Ramparts          Ice            8%         1d2       38%         3
 Corpse Rot               Necr/Pois/Air  4%         N/A       80%         4
 Ice Form                 Ice/Tmut       4%         N/A       80%         4
 Summon Ice Beast         Ice/Summ       4%         N/A       80%         4


Dungeon Overview and Level Annotations

Branches:
Dungeon (5/15) Zot: 2335    Sewer (visited)
 Temple: D:4-7

Altars:

Annotations:
D:4 Edmund
D:5 2 runed translucent doors, nroviw's ghost, novice TeCj


Innate Abilities, Weirdness & Mutations

You passively map a small area around you.
You are easily found by Zot.
You glow in the dark.
You regain HP and MP as you explore.
You are partially covered in iridescent scales. (AC +2)
Your body sometimes deteriorates upon taking damage.


Message History

You destroy the phantom!
You feel your intelligence returning.
Your Conjurations skill increases to level 6!
Your Fire Magic skill increases to level 6!
It was a potion of curing.
You feel better. The iguana barely misses you.
As you read the scroll labelled DITUPLAFIK, it crumbles to dust.
You feel aware of your surroundings.
You sensed 1 shop/portal.
It was a scroll of magic mapping.
The iguana barely misses you.
You aren't carrying any scrolls.
It was a potion of might.
You feel very mighty all of a sudden.
The orc priest hits you but does no damage.
The iguana barely misses you.
You punch the orc priest!
The orc priest is almost dead.
The orc priest hits you but does no damage.
An iguana comes into view.
The iguana closely misses you.
You barely miss the orc priest.
The orc priest is almost dead.
The iguana bites you!
* * * LOW HITPOINT WARNING * * *
Your body deteriorates!
You feel weakened. The orc priest misses you.
You barely miss the orc priest.
The orc priest is almost dead.
The iguana bites you!
* * * LOW HITPOINT WARNING * * *
The orc priest barely misses you.
Casting: Foxfire (safe; 1% risk of failure)
Confirm with . or Enter, or press ? or * to list all spells.
You conjure some foxfire!
The orc priest barely misses you. The iguana bites you.
* * * LOW HITPOINT WARNING * * *
Your body deteriorates!
You feel dopey.
You completely miss the orc priest.
The orc priest is almost dead.
The foxfire hits the iguana but does no damage. x2
The orc priest hits you with a +0 whip.
You die...

* * ** ***~ *~~~ ****
################ *
#..#~~~~~~~BW#§##
##..+W~~~$~rSF+.@# **
....#SB~~~~~rw#ol# *,
...#############l######*********,
........................,,,,,,,,,
...############.########********,
...#*,,....?...........,,,* *,
...#*,,##...#....####..,,,* *,
...#*,**#.,,#..†l# ***,,,* *,
...#*,***,,*#....#******,,* *,


You could see a bullfrog, a worm, 2 iguanas, an orc priest, nroviw's ghost, an
adder, a river rat, a quokka and a giant cockroach.

Vanquished Creatures
  2 phantoms
  A kobold brigand (Sewer)
  A bullfrog (D:5)
  An iguana (D:3)
  An orc wizard (D:3)
  A river rat (Sewer)
  8 adders
  An ufetubus (D:5)
  3 worms (Sewer)
  A dart slug (D:5)
  6 orcs
  3 endoplasms (Sewer)
  2 giant cockroaches (D:3)
  2 goblins (D:3)
  5 hobgoblins
  3 jackals (D:3)
  4 kobolds (Sewer)
  8 ball pythons
  A bat (D:1)
  2 frilled lizards (D:3)
  7 rats
63 creatures vanquished.

Vanquished Creatures (others)
  113 foxfires
  A plant (D:2)
114 creatures vanquished.

Grand Total: 177 creatures vanquished

Notes
Turn   | Place    | Note
-------+----------+-------------------------------------------
     0 | D:1      | hawla the Meteoran Fire Elementalist began the quest for
                  | the Orb.
     0 | D:1      | Reached XP level 1. HP: 14/14 MP: 5/5
   231 | D:2      | Reached XP level 2. HP: 7/20 MP: 2/6
   234 | D:2      | Reached XP level 3. HP: 6/26 MP: 0/8
   242 | D:2      | Learned a level 2 spell: Scorch
   279 | D:3      | Reached XP level 4. HP: 22/33 MP: 6/9
   282 | D:3      | Reached skill level 5 in Fire Magic
   319 | D:3      | Reached XP level 5. HP: 33/38 MP: 4/11
   427 | D:3      | Found a glowing drain.
   468 | Sewer    | Entered a sewer
   474 | Sewer    | Reached XP level 6. HP: 31/45 MP: 5/13
   491 | Sewer    | Learned a level 4 spell: Flame Wave
   859 | Sewer    | Glimpsed the power of Zot.
   946 | D:4      | Reached skill level 5 in Conjurations
   946 | D:4      | Reached XP level 7. HP: 50/50 MP: 7/14
   992 | D:4      | Noticed Edmund
  1002 | D:4      | Gained mutation: Your body sometimes deteriorates upon
                  | taking damage. [potion of mutation]
  1002 | D:4      | Gained mutation: You are partially covered in iridescent
                  | scales. (AC +2) [potion of mutation]
  1006 | D:5      | Entered Level 5 of the Dungeon
  1043 | D:5      | Found a runed translucent door.
  1047 | D:5      | Noticed nroviw's ghost (novice TeCj)
  1074 | D:5      | Found a runed translucent door.
  1088 | D:5      | HP: 2/50 [iguana (6)]
  1089 | D:5      | Slain by an orc priest

Illustrated notes

Levels and vault maps discovered:
D:1:      dpeg_arrival_rooms_c, layout_loops_ring,
          hangedman_abyss_or_decor_stabs, dk_noncrumbling_4,
          ebering_dispersal_statue_hall
D:2:      layout_loops_ring, serial_forest, infiniplex_forest_straight_2,
          infiniplex_forest_corner_1, infiniplex_forest_lined_3,
          infiniplex_forest_zigzag_1, infiniplex_forest_straight_4,
          infiniplex_forest_clump_cross, infiniplex_forest_lined_1,
          infiniplex_forest_join, infiniplex_forest_zigzag_2,
          infiniplex_forest_corner_2, uniq_crazy_yiuf_cottage, uniq_jessica
D:3:      layout_rooms, dreamdust_ecumenical_altar_statues,
          gup_sewer_entry_glass
D:4:      layout_rooms, minmay_temple_entry_water_ring, feat_on_display,
          uniq_edmund
D:5:      minmay_recursive_quarters, layout_basic, serial_rivers,
          chequers_serial_rivers_room_b, chequers_serial_rivers_small_3,
          chequers_serial_rivers_room_b, chequers_serial_rivers_micro_e,
          chequers_serial_rivers_room_a, serial_shops, nicolae_shop_crystal,
          ebering_ghost_sewer_f

Skill      XL: |  1  2  3  4  5  6  7 |
---------------+----------------------+-----
Fire Magic     | 4 5 6 |  6.0
Spellcasting   | 3 4 |  4.4
Conjurations   | 2 5 6 |  6.0
Fighting       | |  0.3
Dodging        | |  2.9
Stealth        | |  1.4

Action                   |  1- 3 |  4- 6 |  7- 9 || total
-------------------------+-------+-------+-------++-------
Melee: Unarmed           |     9 |    17 |     6 ||    32
       Punch             |     1 |       |       ||     1
 Cast: Foxfire           |    21 |    42 |     6 ||    69
       Scorch            |     2 |    20 |    10 ||    32
       Flame Wave        |       |       |     1 ||     1
  Use: Potion            |     1 |       |     3 ||     4
       Scroll            |       |     5 |     2 ||     7
Armor: Robe              |     6 |     7 |     8 ||    21
Dodge: Dodged            |    10 |    27 |    21 ||    58
